[Event "Early-Titled-Tuesday-Blitz-February-20-2024"]
[Site "Chess.com"]
[Date "2024.02.20"]
[Round "7"]
[White "ExtremeLearner"]
[Black "GM_Huschenbeth"]
[Result "1/2-1/2"]
[WhiteElo "2579"]
[BlackElo "2490"]
[TimeControl "180+1"]
[EndTime "9:22:21 PST"]
[Termination "Game drawn by agreement"]

1. d4 d5 2. c4 dxc4 3. Nf3 Nf6 4. e3 Bg4 5. Bxc4 e6 6. h3 Bh5 7. Qb3 Bxf3 8. gxf3 Nbd7 9. Nc3 Nb6 10. Be2 Bd6 11. Ne4 Be7 12. Nxf6+ Bxf6 13. Bd2 a5 14. Rc1 O-O 15. Qb5 c6 16. Qh5 Nd5 17. e4 g6 18.
Qg4 Ne7 19. e5 Bg7 20. Bd3 Nf5 21. Bxf5 exf5 22. Qf4 f6 23. Bc3 Qd5 24. O-O Rae8 25. Rfe1 Re6 26. Qe3 f4 27. Qe4 Qxa2 28. Ra1 Qc4 29.
Rxa5 Rfe8 30. d5 cxd5 31. Rxd5 Qxe4 32. Rxe4 fxe5 33. Rd7 R6e7 34. Rxe7 Rxe7 35. Rc4 Kf7 36. Kf1 Ke6 37. Ke2 Kd5 38. Rc8 h5 39. Kd3 Rd7 40. Rg8 g5 41. Ke2 Ke6 42. Re8+ Kf5 43. Rc8 Re7 44.
Rg8 e4 45. fxe4+ Rxe4+ 46. Kd3 Bxc3 47. bxc3 Re7 48. Rf8+ Ke5 49. Rg8 Rd7+ 50. Ke2 Kf6 51. Rf8+ Rf7 52. Rg8 Rc7 53. Kd3 Rd7+ 54. Ke4 Re7+ 55.
Kd4 Rd7+ 56. Ke4 Re7+ 57. Kd3 Kf5 58. Rf8+ Ke5 59. Rg8 Rd7+ 60. Ke2 Kf5 61. Rf8+ Ke4 62. Re8+ Kf5 63. Rf8+ Kg6 64. Rg8+ Rg7 65. Rd8 Re7+ 66. Kd3 g4 67. hxg4 hxg4 68. Rf8 Kg5 69. Rg8+ Kf5 70. Rf8+ Ke5 71. Rg8 Rd7+ 72. Ke2 Kf5 73. Rf8+ Ke4 74.
Re8+ Kd5 75. Rg8 f3+ 76. Kd3 Kc5+ 77. Kc2 Re7 78. Rxg4 Re2+ 79. Kd3 Rxf2 80. Rg5+ Kc6 81. Rf5 Rf1 82. Ke3 b5 83. Rxf3 Rc1 84. Kd2 Rh1 85.
Rf6+ Kc5 86. Kc2 Rh2+ 87. Kb3 Rh3 88. Rf5+ Kb6 89. Rf8 Kc5 90. Rc8+ Kb6 1/2-1/2

[Event "Early-Titled-Tuesday-Blitz-February-20-2024"]
[Site "Chess.com"]
[Date "2024.02.20"]
[Round "7"]
[White "JiaHaoxiang"]
[Black "TimAina"]
[Result "1/2-1/2"]
[WhiteElo "2631"]
[BlackElo "2789"]
[TimeControl "180+1"]
[EndTime "9:22:27 PST"]
[Termination "Game drawn by 50-move rule"]

1. d4 Nf6 2. Bf4 g6 3. Nf3 Bg7 4. e3 O-O 5. Nbd2 c5 6. c3 d5 7.
Bd3 Qb6 8. Rb1 c4 9. Bc2 Nc6 10. Ne5 Nh5 11. Nxc6 bxc6 12. Be5 f6 13. Bg3 Nxg3 14.
hxg3 e5 15. O-O Be6 16. b3 Qa5 17. bxc4 Qxc3 18. cxd5 cxd5 19. Nb3 Bf7 20. Nc5 Rfb8 21. Bb3 exd4 22. Qxd4 Qxd4 23. exd4 f5 24. Nd7 Re8 25. Rfd1 Re4 26. Ne5 Bxe5 27. dxe5 Rxe5 28. f4 Re3 29. Bxd5 Rae8 30. Bf3 Bxa2 31. Ra1 Bb3 32. Rd7 Re1+ 33. Rxe1 Rxe1+ 34. Kf2 Ra1 35. Rb7 Bf7 36. g4 a5 37.
gxf5 gxf5 38. Rb5 Bg6 39. g4 fxg4 40. Bxg4 Kg7 41. Rb7+ Kf6 42. Rb6+ Kg7 43. Rb7+ Kf6 44.
Rb6+ Ke7 45. f5 Bf7 46. f6+ Kd8 47. Rb7 Bg6 48. Rd7+ Ke8 49. Ra7 a4 50. Be6 Kd8 51. f7 Bxf7 52. Rxf7 a3 53. Rxh7 a2 54. Ra7 Rh1 55.
Bxa2 Ra1 56. Ke3 Kc8 57. Kd4 Kb8 58. Ra3 Kc7 59. Kc3 Kb6 60. Kb2 Rg1 61. Bc4 Rg2+ 62. Kc3 Rg3+ 63. Bd3 Rf3 64. Kd4 Rf4+ 65. Be4 Rf1 66.
Rb3+ Kc7 67. Rb7+ Kd6 68. Rb6+ Kd7 69. Ke5 Re1 70. Rb7+ Ke8 71. Ra7 Re2 72. Kd5 Kf8 73. Bf5 Re1 74. Kd6 Re2 75. Be6 Re1 76. Rf7+ Ke8 77.
Rh7 Rf1 78. Rg7 Rf2 79. Bd5 Rf1 80. Ra7 Kf8 81. Be6 Rd1+ 82. Ke5 Re1+ 83. Kf6 Rf1+ 84. Bf5 Re1 85. Rh7 Kg8 86. Rg7+ Kf8 87. Rf7+ Ke8 88.
Rc7 Rd1 89. Be6 Rd2 90. Ra7 Rd1 91. Bg4 Rd2 92. Re7+ Kd8 93. Ra7 Rf2+ 94. Ke5 Rd2 95. Be6 Ke8 96. Rh7 Re2+ 97. Kf6 Rf2+ 98. Bf5 Kd8 99.
Rd7+ Ke8 100. Rc7 Rd2 101. Rc5 Rd1 102. Bg6+ Kd8 103. Bf5 Rd6+ 104. Ke5 Rd1 105. Ke6 1/2-1/2

[Event "Early-Titled-Tuesday-Blitz-February-20-2024"]
[Site "Chess.com"]
[Date "2024.02.20"]
[Round "7"]
[White "klimkoj"]
[Black "PavelShkapenko"]
[Result "1-0"]
[WhiteElo "2873"]
[BlackElo "2720"]
[TimeControl "180+1"]
[EndTime "9:22:36 PST"]
[Termination "klimkoj won by resignation"]

1. d4 d5 2. Nf3 Nf6 3. Bf4 e6 4. e3 Bd6 5. Bxd6 Qxd6 6. c4 O-O 7. Nc3 dxc4 8. Bxc4 c5 9. Nb5 Qe7 10. dxc5 Qxc5 11. Rc1 Nc6 12. O-O Rd8 13. Qa4 Qe7 14.
Be2 Bd7 15. Qa3 Qxa3 16. bxa3 Kf8 17. Nd6 Rab8 18. e4 Ne8 19. Nc4 Ke7 20. e5 Nc7 21. Bd3 h6 22. Be4 Be8 23. Nd6 Nxe5 24. Nxb7 Nxf3+ 25. Bxf3 Rd7 26. Na5 Kf6 27. Nc6 Rb2 28.
Nxa7 Nd5 29. Nc6 Rxa2 30. Bxd5 Rxd5 31. Nb4 Rxa3 32. Nxd5+ exd5 33. Rfd1 Ra5 34. f3 Bd7 35. Rc7 Be6 36. Rd2 g5 37. Kf2 h5 38. Rb2 h4 39. Rcb7 Ra1 40. g3 hxg3+ 41. hxg3 Rh1 42.
Rb8 Rc1 43. Rh8 Kg7 44. Rh5 Kg6 45. Rh8 Kg7 46. Rd8 Kf6 47. Re2 Rh1 48. Rb8 Rd1 49.
Rbb2 Rh1 50. Ke3 Rg1 51. Rg2 Re1+ 52. Rbe2 Rd1 53. Rd2 Re1+ 54. Kd4 Rf1 55. Rgf2 Rg1 56. Rg2 Rf1 57. Rdf2 Rd1+ 58. Kc3 Ra1 59. Rd2 Ra3+ 60.
Kd4 Rxf3 61. Rdf2 Rxf2 62. Rxf2+ Ke7 63. Ke5 Kd7 64. Rc2 g4 65. Rc1 Kd8 66. Kd6 d4 67. Rh1 Kc8 68. Rd1 Kb7 69. Rxd4 Kb6 70. Rb4+ Ka5 71.
Kc5 Ka6 72. Rb5 Bd7 73. Rb6+ Ka7 74. Rb2 Be6 75. Kd6 Ka6 76. Kc6 Ka5 77. Rb5+ Ka4 78. Kc5 Ka3 79. Rb6 Bb3 80. Kd4 Kb2 81. Kd3 Ka2 82. Kc3 Be6 83. Rb4 Ka3 84. Re4 Ka2 85. Rd4 Kb1 86. Rd1+ Ka2 87. Rf1 Bb3 88. Rf4 Be6 89.
Ra4+ Kb1 90. Kd2 Kb2 91. Rb4+ Ka3 92. Rb8 Ka2 93. Ke3 Ka3 94. Kf4 Ka4 95. Rb6 Ka5 96.
Rxe6 fxe6 97. Kxg4 Kb5 98. Kh5 Kc4 99. g4 e5 100. g5 e4 101. g6 e3 102. g7 e2 103. g8=Q+ Kd3 104.
Qd5+ Ke3 105. Qe5+ Kf2 106. Qf4+ Kg1 107. Qg3+ Kf1 108. Qf3+ Ke1 109. Kg4 Kd2 110. Qd5+ Ke3 111. Qe5+ Kd3 112. Kf3 1-0

[Event "Early-Titled-Tuesday-Blitz-February-20-2024"]
[Site "Chess.com"]
[Date "2024.02.20"]
[Round "7"]
[White "rquery98"]
[Black "Genghis_K"]
[Result "1/2-1/2"]
[WhiteElo "2780"]
[BlackElo "2933"]
[TimeControl "180+1"]
[EndTime "9:22:58 PST"]
[Termination "Game drawn - insufficient material"]

1. c4 e5 2. g3 c6 3. Nf3 e4 4. Nd4 d5 5. cxd5 Qxd5 6. Nc2 Nf6 7. Nc3 Qe5 8. Bg2 Na6 9. Rb1 Be7 10. b4 O-O 11.
Bb2 Qf5 12. Ne3 Qg6 13. a3 Nc7 14. Qc2 Ncd5 15. Ncxd5 cxd5 16. Bxf6 Bxf6 17. Nxd5 Bf5 18. Nxf6+ gxf6 19. O-O Rac8 20. Qb2 Rfd8 21. Rbc1 Be6 22. Rxc8 Rxc8 23. Qd4 Rc4 24. Qxa7 Bd5 25. d3 Rc2 26. Qd4 Bc6 27. Bxe4 Bxe4 28. Qxe4 Qxe4 29. dxe4 Rxe2 30. Rc1 Rxe4 31. Rc7 Re1+ 32. Kg2 Ra1 33. Rxb7 Rxa3 34. Rc7 Rb3 35. Rc4 Kg7 36. Rf4 Kg6 37. h4 f5 38.
Kf1 Kf6 39. Ke2 Ke5 40. Rc4 Rb2+ 41. Kf3 Rb3+ 42. Kg2 h5 43. Rc5+ Ke6 44. Rc6+ Ke5 45. Rc5+ Ke6 46. b5 Kf6 47. Kf1 Kg6 48. Rc6+ Kg7 49. b6 f4 50. gxf4 Rb4 51. Kg2 Rxf4 52. b7 Rb4 53. Rc7 Kg6 54. Kf3 f6 55. Ke3 Kf5 56.
Rg7 Ke5 57. Kd3 Kd5 58. Kc3 Rb1 59. Rh7 Kc6 60. Kd4 Rb4+ 61. Ke3 Kd6 62. Kd3 Rb1 63. Ke4 Ke6 64. Rc7 Rb4+ 65. Kd3 Kd6 66. Rf7 Ke6 67. Rh7 Kd6 68. Kc3 Rb1 69. Kc4 Rb2 70. Kd4 Rb4+ 71. Ke3 Rb1 72. Kf4 Ke6 73. Rc7 Rb4+ 74. Kg3 Kd6 75.
Rh7 Ke6 76. f3 Rb2 77. Kf4 Rb4+ 78. Ke3 Rb1 79. Kd4 Kd6 80. Ke4 Ke6 81. Kf4 Rb4+ 82.
Ke3 Rb1 83. Kd3 Kd6 84. Kc2 Rb6 85. Kc3 Rb1 86. Kc4 Rb2 87. Rh6 Ke6 88. Rh7 Kd6 89.
Kd4 Rb4+ 90. Kc3 Rb1 91. Rf7 Ke6 92. Rc7 Kd6 93. Rh7 Ke6 94. Kd4 Kd6 95. f4 Rb4+ 96. Ke3 f5 97. Kd3 Kd5 98. Rxh5 Rb3+ 99. Kc2 Rxb7 100. Rxf5+ Ke4 101. Rf6 Rh7 102. Kc3 Rxh4 103. Kc4 Rh8 104. Kc5 Rh5+ 105. Kd6 Rf5 106. Ke6 Rxf4 107. Rxf4+ Kxf4 1/2-1/2

[Event "Early-Titled-Tuesday-Blitz-February-20-2024"]
[Site "Chess.com"]
[Date "2024.02.20"]
[Round "8"]
[White "simonachess"]
[Black "Journey_to_GrandMaster_YT"]
[Result "0-1"]
[WhiteElo "2295"]
[BlackElo "2507"]
[TimeControl "180+1"]
[EndTime "9:24:26 PST"]
[Termination "Journey_to_GrandMaster_YT won by resignation"]

1. d4 d6 2. Nf3 Nf6 3. g3 Nbd7 4. Bg2 e5 5. O-O e4 6. Ng5 d5 7. c4 h6 8. Nh3 c6 9. Nc3 Nb6 10. Nxd5 cxd5 11. Nf4 Nxc4 0-1

[Event "Early-Titled-Tuesday-Blitz-February-20-2024"]
[Site "Chess.com"]
[Date "2024.02.20"]
[Round "8"]
[White "The_Straightforward_Rook"]
[Black "JaackCamel"]
[Result "1-0"]
[WhiteElo "2446"]
[BlackElo "2186"]
[TimeControl "180+1"]
[EndTime "9:25:05 PST"]
[Termination "The_Straightforward_Rook won by resignation"]

1. Nf3 d5 2. d4 e6 3. e3 c5 4. c3 Nf6 5. Nbd2 b6 6. Bd3 Bb7 7. O-O Bd6 8. Re1 O-O 9. e4 dxe4 10. Nxe4 Nxe4 11. Bxe4 Bxe4 12. Rxe4 cxd4 13. Rxd4 Bxh2+ 14. Nxh2 1-0

[Event "Early-Titled-Tuesday-Blitz-February-20-2024"]
[Site "Chess.com"]
[Date "2024.02.20"]
[Round "8"]
[White "MdChess1734"]
[Black "martinmena"]
[Result "1-0"]
[WhiteElo "2388"]
[BlackElo "2207"]
[TimeControl "180+1"]
[EndTime "9:25:12 PST"]
[Termination "MdChess1734 won by resignation"]

1. e4 c6 2. d4 d5 3. Nc3 dxe4 4. Nxe4 Nd7 5. Nf3 Ngf6 6. Nxf6+ Nxf6 7. Be2 Bg4 8. O-O e6 9. c3 Be7 10. Ne5 Bxe2 11.
Qxe2 Nd7 12. f4 Nxe5 13. fxe5 Bg5 14. Qh5 1-0

[Event "Early-Titled-Tuesday-Blitz-February-20-2024"]
[Site "Chess.com"]
[Date "2024.02.20"]
[Round "8"]
[White "mertfelin"]
[Black "NovozhilovSemen"]
[Result "0-1"]
[WhiteElo "2343"]
[BlackElo "2643"]
[TimeControl "180+1"]
[EndTime "9:25:25 PST"]
[Termination "NovozhilovSemen won by resignation"]

1. e4 c5 2. Nf3 Nc6 3. Bb5 g6 4. O-O Bg7 5. Nc3 e5 6. a3 Nge7 7. b4 d6 8. bxc5 dxc5 9. d3 O-O 10. h3 Nd4 11. Bc4 Be6 12. Ba2 h6 13. Be3 Kh7 14.
Bxe6 fxe6 15. Rb1 Nxf3+ 16. gxf3 b6 17. Kh2 g5 18. Ne2 Ng6 19. Ng1 Nh4 20. Qe2 Qc7 21. Bd2 Rf7 22. a4 Raf8 23. a5 Nxf3+ 24. Nxf3 Rxf3 25.
axb6 axb6 26. Ra1 Qf7 27. Be3 Qh5 0-1

[Event "Early-Titled-Tuesday-Blitz-February-20-2024"]
[Site "Chess.com"]
[Date "2024.02.20"]
[Round "8"]
[White "Skatchkov_V"]
[Black "ragnaroek66"]
[Result "1-0"]
[WhiteElo "2619"]
[BlackElo "2428"]
[TimeControl "180+1"]
[EndTime "9:25:33 PST"]
[Termination "Skatchkov_V won by resignation"]

1. d4 Nf6 2. c4 e6 3. Nf3 d5 4. g3 Be7 5. Bg2 O-O 6. Nc3 dxc4 7. Ne5 c5 8. dxc5 Qc7 9. Nxc4 Qxc5 10. b3 Rd8 11. Qc2 Nc6 12. O-O Ne5 13. Ba3 Qc7 14.
Bxe7 1-0

[Event "Early-Titled-Tuesday-Blitz-February-20-2024"]
[Site "Chess.com"]
[Date "2024.02.20"]
[Round "8"]
[White "snowlord"]
[Black "Brave_spirit12"]
[Result "1-0"]
[WhiteElo "2891"]
[BlackElo "2730"]
[TimeControl "180+1"]
[EndTime "9:26:07 PST"]
[Termination "snowlord won by resignation"]

1. Nf3 c5 2. g3 Nc6 3. d4 cxd4 4. Nxd4 g6 5. Bg2 Bg7 6. Nxc6 dxc6 7. Qxd8+ Kxd8 8. a4 Kc7 9. a5 Bf5 10. a6 b6 11. c3 Rd8 12. Na3 Be6 13. Bf4+ Kc8 14. Bxc6 Bd5 15. Nb5 1-0

[Event "Early-Titled-Tuesday-Blitz-February-20-2024"]
[Site "Chess.com"]
[Date "2024.02.20"]
[Round "8"]
[White "Mikhail_Golubev"]
[Black "Chessbard1972"]
[Result "1-0"]
[WhiteElo "2638"]
[BlackElo "2460"]
[TimeControl "180+1"]
[EndTime "9:26:11 PST"]
[Termination "Mikhail_Golubev won by resignation"]

1. e4 c5 2. Nf3 a6 3. Nc3 e6 4. d4 cxd4 5. Nxd4 Nc6 6. Be3 Qc7 7. a3 Nf6 8. f4 d6 9. Qf3 Be7 10. Bd3 O-O 11. O-O Bd7 12. Rae1 Nxd4 13. Bxd4 Bc6 14. Qg3 Kh8 15. e5 Ne8 16. Qh3 f5 17. exf6 Nxf6 18.
Bxf6 1-0

[Event "Early-Titled-Tuesday-Blitz-February-20-2024"]
[Site "Chess.com"]
[Date "2024.02.20"]
[Round "8"]
[White "SHIVACalypso"]
[Black "Heinza9"]
[Result "0-1"]
[WhiteElo "2493"]
[BlackElo "2331"]
[TimeControl "180+1"]
[EndTime "9:26:12 PST"]
[Termination "Heinza9 won by resignation"]

1. d4 f5 2. g3 Nf6 3. Bg2 g6 4. Nf3 Bg7 5. O-O O-O 6. c4 d6 7.
Nc3 Qe8 8. Re1 Qf7 9. d5 Ne4 10.
Qc2 Nxc3 11. bxc3 h6 12. Nd4 Na6 13. a4 Nc5 14. Ba3 b6 15. Bxc5 bxc5 16. Nf3 Qf6 17. Rec1 Rb8 18. Ne1 Ba6 19. Qd3 g5 20. e4 fxe4 21. Bxe4 Qxf2+ 22. Kh1 Qf1+ 23. Qxf1 Rxf1+ 24. Kg2 Rbf8 25. Nf3 Rxc1 26. Rxc1 Bxc4 27. Nd2 Ba6 28. c4 Rb8 29. Re1 Rb2 30. Re2 Bxc4 0-1

[Event "Early-Titled-Tuesday-Blitz-February-20-2024"]
[Site "Chess.com"]
[Date "2024.02.20"]
[Round "8"]
[White "Alblooshi_Hamad"]
[Black "HittingRookBottom"]
[Result "1-0"]
[WhiteElo "2176"]
[BlackElo "2017"]
[TimeControl "180+1"]
[EndTime "9:26:15 PST"]
[Termination "Alblooshi_Hamad won by resignation"]

1. d4 c6 2. c4 d5 3. Nf3 Bg4 4.
Nc3 Nd7 5. cxd5 cxd5 6. Nxd5 e6 7. Nc3 Bb4 8. a3 Ba5 9. e3 Ngf6 10. Bd3 Nd5 11.
Bd2 Qb6 12. b4 Nxc3 13. Bxc3 Rc8 14. bxa5 Qc6 15. Bd2 Qd5 16. O-O Nf6 17. h3 Bh5 18. Be2 O-O 19. Ne5 Bg6 20. Nxg6 fxg6 21. Bf3 Qd7 22.
Rc1 Nd5 23. Qb3 Nf6 24. Qxb7 Qxb7 25. Bxb7 Rb8 26. a6 Ne4 27. Bb4 Rf5 28. f3 Ng3 29.
Rfe1 Rb5 30. Bd6 1-0

[Event "Early-Titled-Tuesday-Blitz-February-20-2024"]
[Site "Chess.com"]
[Date "2024.02.20"]
[Round "8"]
[White "MasterKroket"]
[Black "AniJak"]
[Result "0-1"]
[WhiteElo "2497"]
[BlackElo "2351"]
[TimeControl "180+1"]
[EndTime "9:26:23 PST"]
[Termination "AniJak won by resignation"]

1. e4 c6 2. d4 d5 3. Nc3 dxe4 4. Nxe4 Nf6 5. Nxf6+ exf6 6. c3 Bd6 7. Nf3 O-O 8.
Be2 Re8 9. O-O Be6 10. b3 Nd7 11. Bb2 Nf8 12. c4 Rc8 13. Re1 Bb8 14. h3 Ng6 15. Bf1 Qd7 16. Qd2 Nf4 17. Rad1 Bf5 18. Rxe8+ Rxe8 19.
d5 cxd5 20. Qxd5 Nxd5 0-1

[Event "Early-Titled-Tuesday-Blitz-February-20-2024"]
[Site "Chess.com"]
[Date "2024.02.20"]
[Round "8"]
[White "cmunda"]
[Black "romulocardoso"]
[Result "0-1"]
[WhiteElo "2124"]
[BlackElo "2336"]
[TimeControl "180+1"]
[EndTime "9:26:27 PST"]
[Termination "romulocardoso won by resignation"]

1. e4 c5 2. Nf3 g6 3. c3 d5 4. e5 Nc6 5. d4 Bg4 6. Be2 Bg7 7. O-O e6 8. h3 Bxf3 9. Bxf3 Nge7 10. Be3 O-O 11. Nd2 Qb6 12. Rb1 cxd4 13. cxd4 Nxd4 14. Nc4 Nxf3+ 15. Qxf3 Qc7 16. Nd2 Bxe5 17.
Rfc1 Qd7 18. Bh6 Bg7 19. Bxg7 Kxg7 20. Qg3 Rac8 21. Nf3 Nf5 22. Qf4 Qd6 23. Qa4 a6 24. g4 Ne7 25. Qd4+ f6 26. Rxc8 Rxc8 27. Re1 e5 28. Nxe5 fxe5 29. Re4 exd4 0-1

[Event "Early-Titled-Tuesday-Blitz-February-20-2024"]
[Site "Chess.com"]
[Date "2024.02.20"]
[Round "8"]
[White "marsofsilva"]
[Black "pr1105"]
[Result "1-0"]
[WhiteElo "2197"]
[BlackElo "2369"]
[TimeControl "180+1"]
[EndTime "9:26:41 PST"]
[Termination "marsofsilva won by resignation"]

1. d4 Nf6 2. c4 e6 3. Nf3 d5 4. g3 Bc5 5. dxc5 c6 6. Bg2 O-O 7. O-O Qe7 8. cxd5 exd5 9. Qc2 Ne4 10. b4 a5 11. bxa5 Rxa5 12. Bb2 Rxc5 13. Qd1 Rb5 14.
Ba3 Qf6 15. Qd4 Re8 16. Qxf6 Nxf6 17. Nc3 Ra5 18. Bb2 Rb5 19. Nxb5 1-0

[Event "Early-Titled-Tuesday-Blitz-February-20-2024"]
[Site "Chess.com"]
[Date "2024.02.20"]
[Round "8"]
[White "Viktor_Poddubnyi"]
[Black "dimoni64"]
[Result "1-0"]
[WhiteElo "2283"]
[BlackElo "2091"]
[TimeControl "180+1"]
[EndTime "9:26:48 PST"]
[Termination "Viktor_Poddubnyi won by checkmate"]

1. e4 c5 2. Nf3 Nc6 3. d4 cxd4 4. Nxd4 d6 5. Nc3 g6 6. Be3 Bg7 7. Qd2 Nf6 8. f3 Bd7 9. O-O-O a6 10. Kb1 O-O 11. h4 b5 12. h5 b4 13. Nd5 Nxd5 14. exd5 Nxd4 15. Bxd4 Bxd4 16. Qxd4 a5 17. Bd3 Qc8 18. hxg6 fxg6 19. Qh4 Rf7 20. Bxg6 hxg6 21. Qh8# 1-0

[Event "Early-Titled-Tuesday-Blitz-February-20-2024"]
[Site "Chess.com"]
[Date "2024.02.20"]
[Round "8"]
[White "EdmundPlayer"]
[Black "GMT4114"]
[Result "1-0"]
[WhiteElo "2285"]
[BlackElo "2041"]
[TimeControl "180+1"]
[EndTime "9:26:54 PST"]
[Termination "EdmundPlayer won by resignation"]

1. Nf3 f5 2. b3 Nf6 3. Bb2 d6 4. c4 e5 5. e3 Be7 6. Be2 O-O 7. d4 Nc6 8. dxe5 dxe5 9. Qxd8 Rxd8 10. Nxe5 Nb4 11.
Na3 Bd6 12. O-O f4 13. exf4 Bf5 14. Rfd1 Re8 15. Bf3 Be4 16. Bxe4 Nxe4 17. Nb5 1-0

[Event "Early-Titled-Tuesday-Blitz-February-20-2024"]
[Site "Chess.com"]
[Date "2024.02.20"]
[Round "8"]
[White "OneTrickPony_82"]
[Black "DmitriiZakurdaev"]
[Result "1-0"]
[WhiteElo "2541"]
[BlackElo "2426"]
[TimeControl "180+1"]
[EndTime "9:27:12 PST"]
[Termination "OneTrickPony_82 won by resignation"]

1. d4 d5 2. c4 e6 3. Nf3 Nf6 4. Nc3 Be7 5. g3 O-O 6. Bg2 dxc4 7. Ne5 c5 8. dxc5 Qxd1+ 9. Nxd1 Bxc5 10. O-O Nc6 11. Bxc6 bxc6 12. Be3 Bxe3 13. Nxe3 c3 14. bxc3 Ba6 15. c4 c5 16. Rab1 Rab8 17. f3 g6 18. Rb3 Rfd8 19. Nd3 Rxb3 20. axb3 Nd7 21. Ra1 Bb7 22.
Rxa7 Ba8 23. Ng4 Kf8 24. Nge5 Nxe5 25. Nxe5 f6 26. Nd7+ 1-0

[Event "Early-Titled-Tuesday-Blitz-February-20-2024"]
[Site "Chess.com"]
[Date "2024.02.20"]
[Round "8"]
[White "whiteglovethief"]
[Black "Raffael89"]
[Result "1-0"]
[WhiteElo "2441"]
[BlackElo "1840"]
[TimeControl "180+1"]
[EndTime "9:27:21 PST"]
[Termination "whiteglovethief won by resignation"]

1. d4 d5 2. c4 c6 3. Nf3 Nf6 4.
g3 Bf5 5. Nh4 Bc8 6. Nc3 e6 7. Bg2 Be7 8. O-O O-O 9. b3 Nbd7 10. Nf3 Re8 11. Bb2 Bf8 12. Qc2 dxc4 13. bxc4 c5 14. d5 exd5 15. cxd5 Nb6 16. e4 Bg4 17.
Rfe1 a6 18. Rad1 Qc7 19. h3 Bxf3 20. Bxf3 Nc4 21. Ba1 Ne5 22. Bg2 c4 23. Ne2 Nd3 24.
Rxd3 Nxe4 25. Re3 Nd6 26. Nf4 b5 27. Be5 Rad8 28. Bxd6 Qxd6 29. Rxe8 1-0

[Event "Early-Titled-Tuesday-Blitz-February-20-2024"]
[Site "Chess.com"]
[Date "2024.02.20"]
[Round "8"]
[White "regenda"]
[Black "dealshark"]
[Result "1-0"]
[WhiteElo "2264"]
[BlackElo "2367"]
[TimeControl "180+1"]
[EndTime "9:27:23 PST"]
[Termination "regenda won by resignation"]

1. e4 c6 2. c4 d5 3. cxd5 cxd5 4. exd5 Nf6 5. Qa4+ Nbd7 6. Nc3 g6 7. Qb3 Bg7 8. Bc4 Nb6 9. d3 O-O 10. Be3 Nbd7 11.
h3 a6 12. a4 b6 13. Nf3 Bb7 14. O-O Rc8 15. Nd4 Nc5 16. Qa2 Nxd5 17. Bxd5 Bxd5 18.
Qxd5 Qxd5 19. Nxd5 Rcd8 20. Nc6 Rd7 21. Nxb6 Rc7 22. Nxe7+ Kh8 23. Ned5 Rc6 24. Rac1 Rxb6 25. Bxc5 1-0

[Event "Early-Titled-Tuesday-Blitz-February-20-2024"]
[Site "Chess.com"]
[Date "2024.02.20"]
[Round "8"]
[White "wanyaland"]
[Black "Akylbek2021"]
[Result "1-0"]
[WhiteElo "2495"]
[BlackElo "2285"]
[TimeControl "180+1"]
[EndTime "9:27:31 PST"]
[Termination "wanyaland won by resignation"]

1. d4 Nf6 2. c4 e6 3. g3 c5 4. Bg2 g6 5. Nf3 Bg7 6. O-O O-O 7. Nc3 d5 8. cxd5 Nxd5 9. Nxd5 Qxd5 10. dxc5 Qxc5 11. Be3 Qb4 12. Rb1 Nc6 13. a3 Qe7 14. b4 e5 15. Bc5 Qc7 16. Bxf8 Bxf8 17. b5 Na5 18. Rc1 Qe7 19. a4 e4 20. Nd4 e3 21. f4 Bg4 22. h3 Bd7 23. Nb3 Nxb3 24. Qxb3 Rd8 25. Rc7 Qd6 26. Rxb7 Bg7 27. Rd1 Qe7 28.
Qd3 1-0

[Event "Early-Titled-Tuesday-Blitz-February-20-2024"]
[Site "Chess.com"]
[Date "2024.02.20"]
[Round "8"]
[White "PavelShkapenko"]
[Black "dropstoneDP"]
[Result "1/2-1/2"]
[WhiteElo "2725"]
[BlackElo "3005"]
[TimeControl "180+1"]
[EndTime "9:27:35 PST"]
[Termination "Game drawn by agreement"]

1. e4 e5 2. Nf3 Nf6 3. Nc3 Nc6 4. d4 exd4 5. Nxd4 Bb4 6. Nxc6 bxc6 7. Bd3 O-O 8. O-O d5 9. exd5 cxd5 10. h3 c5 11.
Qf3 Be6 12. Rd1 Qe7 13. Qg3 c4 14. Be2 Bxc3 15. bxc3 Ne4 16. Qe5 Qf6 17. Qxf6 gxf6 18.
Be3 Nxc3 19. Re1 Rfe8 20. Bd4 Nxe2+ 21. Rxe2 Bf5 22. Rae1 Re6 23. c3 Rae8 24. Rxe6 Rxe6 25. Rxe6 fxe6 26. Bxf6 Kf7 27. Bd4 a5 28. a3 a4 29.
f3 Bd3 30. Kf2 Kg6 31. g4 Bc2 32. Kg3 Bd1 33. Be5 1/2-1/2

[Event "Early-Titled-Tuesday-Blitz-February-20-2024"]
[Site "Chess.com"]
[Date "2024.02.20"]
[Round "8"]
[White "ElephantChessGenius"]
[Black "ChainedDowntohell"]
[Result "0-1"]
[WhiteElo "2338"]
[BlackElo "2561"]
[TimeControl "180+1"]
[EndTime "9:27:38 PST"]
[Termination "ChainedDowntohell won by resignation"]

1. e4 b6 2. d4 Bb7 3. Bd3 e6 4.
Nf3 d5 5. Qe2 dxe4 6. Bxe4 Bxe4 7. Qxe4 Qd5 8. Qxd5 exd5 9. Bf4 c6 10. O-O f6 11. Re1+ Kf7 12. c3 Nd7 13. Nbd2 g5 14. Bg3 h5 15. h4 g4 16. Nh2 Bh6 17. Ndf1 Ne7 18. f3 Nf5 19. Kf2 Rhg8 20. f4 Nd6 21. Nd2 f5 22. Nhf1 Nf6 23. Bh2 Nfe4+ 24. Nxe4 Nxe4+ 25.
Ke3 Rae8 26. Kd3 g3 27. Bg1 Bxf4 28. Ne3 Nf2+ 29. Bxf2 gxf2 30. Re2 Rg3 31. Rf1 0-1

[Event "Early-Titled-Tuesday-Blitz-February-20-2024"]
[Site "Chess.com"]
[Date "2024.02.20"]
[Round "8"]
[White "Dinosaurio_1975"]
[Black "gm_rashid"]
[Result "1-0"]
[WhiteElo "2598"]
[BlackElo "2449"]
[TimeControl "180+1"]
[EndTime "9:27:38 PST"]
[Termination "Dinosaurio_1975 won by resignation"]

1. Nf3 Nf6 2. c4 g6 3. g3 Bg7 4.
Bg2 O-O 5. O-O d6 6. Nc3 Nc6 7. d4 e5 8. d5 Ne7 9. e4 Ne8 10.
Kh1 f5 11. exf5 gxf5 12. Ng5 h6 13. Ne6 Bxe6 14. dxe6 c6 15. Qh5 Kh7 16. Qh3 Qc8 17.
g4 Qxe6 18. gxf5 Qxf5 19. Be4 Qxe4+ 20. Nxe4 d5 21. Ng5+ Kh8 22. Ne6 Rf6 23. Nxg7 Kxg7 24. Rg1+ Ng6 25. Qxh6+ Kf7 26. Qh7+ Ng7 27. Bh6 1-0

[Event "Early-Titled-Tuesday-Blitz-February-20-2024"]
[Site "Chess.com"]
[Date "2024.02.20"]
[Round "8"]
[White "DACF2905"]
[Black "aldebaran52"]
[Result "1-0"]
[WhiteElo "2390"]
[BlackElo "2191"]
[TimeControl "180+1"]
[EndTime "9:27:41 PST"]
[Termination "DACF2905 won by resignation"]

1. e4 c5 2. Nf3 e6 3. d4 cxd4 4.
Nxd4 a6 5. Nc3 Qc7 6. Bd3 Nc6 7.
Nxc6 bxc6 8. O-O d6 9. Qe2 Nf6 10. Bd2 Be7 11. h3 O-O 12. f4 Qb6+ 13. Kh2 Qxb2 14. e5 Nd7 15. Rab1 Qa3 16. Rb3 Qa5 17.
exd6 Bxd6 18. Nb5 axb5 19. Bxa5 Rxa5 20. Qe4 Nf6 21. Qxc6 Rd8 22. Qb6 1-0

[Event "Early-Titled-Tuesday-Blitz-February-20-2024"]
[Site "Chess.com"]
[Date "2024.02.20"]
[Round "8"]
[White "Mikasinski"]
[Black "K_A_S_T_O_R"]
[Result "1-0"]
[WhiteElo "2653"]
[BlackElo "2828"]
[TimeControl "180+1"]
[EndTime "9:27:42 PST"]
[Termination "Mikasinski won by resignation"]

1. e4 c5 2. Nf3 d6 3. d4 cxd4 4. Nxd4 Nf6 5. Nc3 a6 6. Rg1 g6 7. g4 Bg7 8. Be3 Nc6 9. g5 Nd7 10. Qd2 Nde5 11. Be2 Na5 12. b3 b5 13. f4 Nec6 14.
Rd1 O-O 15. Nd5 Rb8 16. f5 Nxd4 17. Bxd4 Bxd4 18. Qxd4 Nc6 19. Qc3 Bb7 20. f6 e6 21.
Qh3 h5 22. Bxh5 exd5 23. Be2 Qb6 24. Qh6 Qxg1+ 25. Kd2 Qd4+ 26. Bd3 Qf2+ 27. Kc1 1-0

[Event "Early-Titled-Tuesday-Blitz-February-20-2024"]
[Site "Chess.com"]
[Date "2024.02.20"]
[Round "8"]
[White "pauliukevicius"]
[Black "jaskol95"]
[Result "0-1"]
[WhiteElo "2358"]
[BlackElo "2590"]
[TimeControl "180+1"]
[EndTime "9:27:43 PST"]
[Termination "jaskol95 won by checkmate"]

1. e4 d5 2. exd5 Nf6 3. d4 Bg4 4. f3 Bf5 5. c4 e6 6. dxe6 Nc6 7.
Be3 fxe6 8. Nc3 Bb4 9. Ne2 O-O 10. a3 Be7 11. Qd2 e5 12. d5 Na5 13. Ng3 Bg6 14. Qd1 b6 15. b4 Nb7 16. Be2 e4 17.
fxe4 Nd7 18. Bd4 Bd6 19. Bf3 Ne5 20. c5 bxc5 21. bxc5 Nxc5 22. O-O Qh4 23. Qe2 Rae8 24. Bf2 Ncd3 25. Nf5 Nxf3+ 26. Qxf3 Qxh2# 0-1